| TOP OF THE 1ST |
|
Corpus Christi Hooks batting - Pitching for Chattanooga Lookouts : RHP John Morrison
|
|
Pitching: RHP John Morrison
|
|
|
Batting: RHB Sean Mounts
|
0-0: Foul Ball, location: 2F 0-1: Ball 1-1: Foul Ball, location: 2F 1-2: SINGLE (Flyball, 4D, EV 84.4 MPH)
|
|
Batting: LHB Vinny Siebecker
|
0-0: Fielders Choice at 2nd, 3-6 (Groundball, 3, EV 88.8 MPH)
|
|
Batting: RHB Bruce Bermudez
|
0-0: Swinging Strike 0-1: Swinging Strike 0-2: Ball 1-2: Foul Ball, location: 2F 1-2: Ball 2-2: Strikes out swinging
|
|
Batting: LHB Bob Dietz
|
0-0: Called Strike 0-1: Called Strike 0-2: Ground out 1-3 (Groundball, 13, EV 70.0 MPH)
|
| Top of the 1st over - 0 runs, 1 hit, 0 errors, 1 left on base; Corpus Christi 0 - Chattanooga 0 |
| BOTTOM OF THE 1ST |
|
Chattanooga Lookouts batting - Pitching for Corpus Christi Hooks : RHP Arturo Vargas
|
|
Pitching: RHP Arturo Vargas
|
|
|
Batting: LHB Peer Derks
|
0-0: Ball 1-0: Called Strike 1-1: Ball 2-1: SINGLE (Groundball, 34D, EV 103.1 MPH)
|
|
Batting: RHB Jesse Scott
|
0-0: Called Strike 0-1: Called Strike Peer Derks steals 2nd, throwing error, E2 Peer Derks to third 0-2: Foul Ball, location: 2F 0-2: Ball 1-2: Ball 2-2: Strikes out swinging
|
|
Batting: RHB Miguel Diaz
|
0-0: Ball 1-0: Called Strike 1-1: Called Strike 1-2: Ball 2-2: Foul Ball, location: 2F 2-2: Fly out, F9 (Flyball, 9S, EV 85.6 MPH) Runner from 3rd tags up, OUT at HOME! 9-2
|
| Bottom of the 1st over - 0 runs, 1 hit, 1 error, 0 left on base; Corpus Christi 0 - Chattanooga 0 |
| TOP OF THE 2ND |
|
Corpus Christi Hooks batting - Pitching for Chattanooga Lookouts : RHP John Morrison
|
|
Batting: RHB Sam Spohn
|
0-0: Ball 1-0: Fly out, F2 (Popup, 3SF, EV 89.4 MPH)
|
|
Batting: RHB Jamie Jennings
|
0-0: Foul Ball, location: 2F 0-1: Fly out, F5 (Flyball, 5D, EV 93.8 MPH)
|
|
Batting: RHB Masaru Konno
|
0-0: Called Strike 0-1: Foul Ball, location: 2F 0-2: Strikes out swinging
|
| Top of the 2nd over - 0 runs, 0 hits, 0 errors, 0 left on base; Corpus Christi 0 - Chattanooga 0 |
| BOTTOM OF THE 2ND |
|
Chattanooga Lookouts batting - Pitching for Corpus Christi Hooks : RHP Arturo Vargas
|
|
Batting: LHB Matt Robertson
|
0-0: Ground out 3-1 (Groundball, 34S, EV 85.6 MPH)
|
|
Batting: RHB Manuel Juarez
|
0-0: Foul Ball, location: 2F 0-1: Foul Ball, location: 2F 0-2: Ball 1-2: Foul Ball, location: 2F 1-2: Ball 2-2: Ball 3-2: Strikes out swinging
|
|
Batting: RHB J.J. Powers
|
0-0: Ball 1-0: Bunt missed! 1-1: Called Strike 1-2: Ball 2-2: Fly out, F8 (Line Drive, 89M, EV 88.1 MPH)
|
| Bottom of the 2nd over - 0 runs, 0 hits, 0 errors, 0 left on base; Corpus Christi 0 - Chattanooga 0 |
| TOP OF THE 3RD |
|
Corpus Christi Hooks batting - Pitching for Chattanooga Lookouts : RHP John Morrison
|
|
Batting: RHB Steve Moore
|
0-0: Fly out, F7 (Flyball, 78S, EV 89.4 MPH)
|
|
Batting: RHB Evan Fry
|
0-0: Called Strike 0-1: Ground out 3-1 (Groundball, 34S, EV 88.1 MPH)
|
|
Batting: RHB Sean Mounts
|
0-0: Ball 1-0: Called Strike 1-1: Foul Ball, location: 2F 1-2: Foul Ball, location: 2F 1-2: Strikes out swinging
|
| Top of the 3rd over - 0 runs, 0 hits, 0 errors, 0 left on base; Corpus Christi 0 - Chattanooga 0 |
| BOTTOM OF THE 3RD |
|
Chattanooga Lookouts batting - Pitching for Corpus Christi Hooks : RHP Arturo Vargas
|
|
Batting: LHB Jim Pankratz
|
0-0: Foul Ball, location: 2F 0-1: Ball 1-1: Ball 2-1: Ball 3-1: Fly out, F7 (Flyball, 7D, EV 106.2 MPH)
|
|
Batting: SHB Ian Thompson
|
0-0: Ground out 4-3 (Groundball, 4, EV 108.8 MPH)
|
|
Batting: LHB Mike Handrahan
|
0-0: Ball 1-0: Foul Ball, location: 2F 1-1: Foul Ball, location: 2F 1-2: Ball 2-2: SINGLE (Line Drive, 78S, EV 106.2 MPH)
|
|
Batting: LHB Peer Derks
|
0-0: Ball 1-0: Fielders Choice at 2nd, U4 (Groundball, 4M, EV 88.1 MPH)
|
| Bottom of the 3rd over - 0 runs, 1 hit, 0 errors, 1 left on base; Corpus Christi 0 - Chattanooga 0 |
| TOP OF THE 4TH |
|
Corpus Christi Hooks batting - Pitching for Chattanooga Lookouts : RHP John Morrison
|
|
Batting: LHB Vinny Siebecker
|
0-0: Ground out 1-3 (Groundball, 15, EV 66.2 MPH)
|
|
Batting: RHB Bruce Bermudez
|
0-0: Ball 1-0: Called Strike 1-1: Ball 2-1: Ball 3-1: Foul Ball, location: 2F 3-2: Base on Balls
|
|
Batting: LHB Bob Dietz
|
0-0: Called Strike 0-1: Ball 1-1: Ball 2-1: Fly out, F4 (Line Drive, 34, EV 62.5 MPH)
|
|
Batting: RHB Sam Spohn
|
0-0: Called Strike 0-1: Ball 1-1: Ball 2-1: Swinging Strike 2-2: Strikes out looking
|
| Top of the 4th over - 0 runs, 0 hits, 0 errors, 1 left on base; Corpus Christi 0 - Chattanooga 0 |
| BOTTOM OF THE 4TH |
|
Chattanooga Lookouts batting - Pitching for Corpus Christi Hooks : RHP Arturo Vargas
|
|
Batting: RHB Jesse Scott
|
0-0: Foul Ball, location: 2F 0-1: Foul Ball, location: 2F 0-2: Ball 1-2: Ball 2-2: Foul Ball, location: 2F 2-2: Ball 3-2: Fly out, F5 (Popup, 56S, EV 73.1 MPH)
|
|
Batting: RHB Miguel Diaz
|
0-0: SINGLE (Groundball, 56D, EV 106.9 MPH)
|
|
Batting: LHB Matt Robertson
|
0-0: Fielders Choice at 2nd, 6-4 (Groundball, 6, EV 92.5 MPH)
|
|
Batting: RHB Manuel Juarez
|
0-0: Called Strike 0-1: Called Strike 0-2: DOUBLE (Flyball, 8LXD, EV 107.5 MPH) Matt Robertson to third
|
|
Batting: RHB J.J. Powers
|
0-0: Ball 1-0: Ball 2-0: Swinging Strike 2-1: Foul Ball, location: 2F 2-2: Foul Ball, location: 2F 2-2: Foul Ball, location: 2F 2-2: Foul Ball, location: 2F 2-2: Foul Ball, location: 2F 2-2: Foul Ball, location: 2F 2-2: Ball 3-2: Ground out 5-3 (Groundball, 5, EV 88.8 MPH)
|
| Bottom of the 4th over - 0 runs, 2 hits, 0 errors, 2 left on base; Corpus Christi 0 - Chattanooga 0 |
| TOP OF THE 5TH |
|
Corpus Christi Hooks batting - Pitching for Chattanooga Lookouts : RHP John Morrison
|
|
Batting: RHB Jamie Jennings
|
0-0: Ball 1-0: Called Strike 1-1: Swinging Strike 1-2: Strikes out swinging
|
|
Batting: RHB Masaru Konno
|
0-0: Ball 1-0: Fly out, F9 (Flyball, 9, EV 94.4 MPH)
|
|
Batting: RHB Steve Moore
|
0-0: Ball 1-0: Called Strike 1-1: Hit by Pitch
|
|
Batting: RHB Evan Fry
|
0-0: Called Strike 0-1: Foul Ball, location: 2F 0-2: Ball 1-2: Fly out, F4 (Line Drive, 4, EV 64.4 MPH)
|
| Top of the 5th over - 0 runs, 0 hits, 0 errors, 1 left on base; Corpus Christi 0 - Chattanooga 0 |
| BOTTOM OF THE 5TH |
|
Chattanooga Lookouts batting - Pitching for Corpus Christi Hooks : RHP Arturo Vargas
|
|
Batting: LHB Jim Pankratz
|
0-0: Called Strike 0-1: Ball 1-1: Ground out 6-3 (Groundball, 6M, EV 88.1 MPH)
|
|
Batting: SHB Ian Thompson
|
0-0: Called Strike 0-1: Foul Ball, location: 2F 0-2: Ball 1-2: Foul Ball, location: 2F 1-2: Ground out 1-3 (Groundball, 13, EV 66.9 MPH)
|
|
Batting: LHB Mike Handrahan
|
0-0: Ball 1-0: Called Strike 1-1: Ball 2-1: Foul Ball, location: 2F 2-2: Foul Ball, location: 2F 2-2: SOLO HOME RUN (Flyball, 7LD, EV 95.0 MPH), Distance : 352 ft
|
|
Batting: LHB Peer Derks
|
0-0: Ball 1-0: Called Strike 1-1: Ball 2-1: Foul Ball, location: 2F 2-2: Strikes out looking
|
| Bottom of the 5th over - 1 run, 1 hit, 0 errors, 0 left on base; Corpus Christi 0 - Chattanooga 1 |
| TOP OF THE 6TH |
|
Corpus Christi Hooks batting - Pitching for Chattanooga Lookouts : RHP John Morrison
|
|
Batting: RHB Sean Mounts
|
0-0: Called Strike 0-1: Ground out 4-3 (Groundball, 4M, EV 101.9 MPH)
|
|
Batting: LHB Vinny Siebecker
|
0-0: Swinging Strike 0-1: Fly out, F9 (Flyball, 9D, EV 103.1 MPH)
|
|
Batting: RHB Bruce Bermudez
|
0-0: Called Strike 0-1: Foul Ball, location: 2F 0-2: Ball 1-2: Ball 2-2: Ground out 6-3 (Groundball, 6, EV 90.6 MPH)
|
| Top of the 6th over - 0 runs, 0 hits, 0 errors, 0 left on base; Corpus Christi 0 - Chattanooga 1 |
| BOTTOM OF THE 6TH |
|
Chattanooga Lookouts batting - Pitching for Corpus Christi Hooks : RHP Arturo Vargas
|
|
Batting: RHB Jesse Scott
|
0-0: Foul Ball, location: 2F 0-1: Ball 1-1: SINGLE (Flyball, 9LS, EV 95.6 MPH)
|
|
Batting: RHB Miguel Diaz
|
0-0: Foul Ball, location: 2F 0-1: Swinging Strike 0-2: Ball 1-2: Fly out, F8 (Line Drive, 89D, EV 98.1 MPH)
|
|
Batting: LHB Matt Robertson
|
0-0: SINGLE (Groundball, 34, EV 93.8 MPH) Jesse Scott to second Runner from 2nd tries for 3rd, SAFE, throw by RF made to third Matt Robertson to second
|
|
Batting: RHB Manuel Juarez
|
0-0: Ball 1-0: Called Strike 1-1: Swinging Strike 1-2: Strikes out swinging
|
|
Batting: RHB J.J. Powers
|
0-0: Ball 1-0: Called Strike 1-1: Swinging Strike 1-2: Foul Ball, location: 2F 1-2: Ground out U3 (Groundball, 34, EV 103.1 MPH)
|
| Bottom of the 6th over - 0 runs, 2 hits, 0 errors, 2 left on base; Corpus Christi 0 - Chattanooga 1 |
| TOP OF THE 7TH |
|
Corpus Christi Hooks batting - Pitching for Chattanooga Lookouts : RHP John Morrison
|
|
Batting: LHB Bob Dietz
|
0-0: Ball 1-0: Ball 2-0: Ball 3-0: Called Strike 3-1: Called Strike 3-2: Strikes out looking
|
|
Batting: RHB Sam Spohn
|
0-0: Ball 1-0: Ball 2-0: Foul Ball, location: 2F 2-1: Called Strike 2-2: Foul Ball, location: 2F 2-2: Strikes out swinging
|
|
Batting: RHB Jamie Jennings
|
0-0: SINGLE (Groundball, 4MD, EV 94.4 MPH)
|
|
Batting: RHB Masaru Konno
|
0-0: Swinging Strike 0-1: Foul Ball, location: 2F 0-2: Ball 1-2: Ball 2-2: Foul Ball, location: 2F 2-2: Foul Ball, location: 2F 2-2: Foul Ball, location: 2F 2-2: Fly out, F8 (Flyball, 8RD, EV 93.8 MPH)
|
| Top of the 7th over - 0 runs, 1 hit, 0 errors, 1 left on base; Corpus Christi 0 - Chattanooga 1 |
| BOTTOM OF THE 7TH |
|
Chattanooga Lookouts batting - Pitching for Corpus Christi Hooks : RHP Arturo Vargas
|
|
Pitching: RHP Isaiah McLaurin
|
|
|
Batting: LHB Jim Pankratz
|
0-0: Ball 1-0: Ground out 5-3 (Groundball, 5, EV 86.9 MPH)
|
|
Batting: SHB Ian Thompson
|
0-0: Fly out, F8 (Flyball, 8RD, EV 88.8 MPH)
|
|
Batting: LHB Mike Handrahan
|
0-0: Called Strike 0-1: Ball 1-1: Called Strike 1-2: Ball 2-2: Ball 3-2: Base on Balls
|
|
Batting: LHB Peer Derks
|
0-0: Ball 1-0: Ball 2-0: Called Strike 2-1: Foul Ball, location: 2F 2-2: Ball 3-2: Base on Balls Mike Handrahan to second
|
|
Pinch Runner at 2nd Seung-jun Chang:
|
|
|
Batting: RHB Jesse Scott
|
0-0: Ball 1-0: Called Strike 1-1: Foul Ball, location: 2F 1-2: Foul Ball, location: 2F 1-2: Ball 2-2: DOUBLE (Line Drive, 78XD, EV 111.2 MPH) Seung-jun Chang scores Peer Derks to third Runner from 3rd tries for Home, SAFE, no throw by CF
|
|
Batting: RHB Miguel Diaz
|
0-0: Called Strike 0-1: Ball Jesse Scott steals 3rd base 1-1: Ball 2-1: Fly out, F8 (Flyball, 8LM, EV 75.0 MPH)
|
| Bottom of the 7th over - 2 runs, 1 hit, 0 errors, 1 left on base; Corpus Christi 0 - Chattanooga 3 |
| TOP OF THE 8TH |
|
Corpus Christi Hooks batting - Pitching for Chattanooga Lookouts : RHP John Morrison
|
|
Now at 1B: Justin Wenzel
|
|
|
Now at 3B: Seung-jun Chang
|
|
|
Now in LF: Steve Roepke
|
|
|
Now in RF: Ian Thompson
|
|
|
Batting: RHB Steve Moore
|
0-0: Ball 1-0: Ball 2-0: SINGLE (Groundball, 23, EV 63.1 MPH) (infield hit)
|
|
Batting: RHB Evan Fry
|
0-0: Called Strike 0-1: Foul Ball, location: 2F 0-2: Ball 1-2: Foul Ball, location: 2F 1-2: Strikes out swinging
|
|
Batting: RHB Sean Mounts
|
0-0: Swinging Strike 0-1: Ball 1-1: Ball 2-1: Called Strike 2-2: Strikes out swinging
|
|
Batting: LHB Vinny Siebecker
|
0-0: Called Strike 0-1: Swinging Strike 0-2: Ball 1-2: Ball 2-2: Strikes out swinging
|
| Top of the 8th over - 0 runs, 1 hit, 0 errors, 1 left on base; Corpus Christi 0 - Chattanooga 3 |
| BOTTOM OF THE 8TH |
|
Chattanooga Lookouts batting - Pitching for Corpus Christi Hooks : RHP Isaiah McLaurin
|
|
Pitching: RHP Ray Leuthauser
|
|
|
Batting: LHB Justin Wenzel
|
0-0: Ball 1-0: Called Strike 1-1: Ball 2-1: Foul Ball, location: 2F 2-2: Ground out 6-3 (Groundball, 6S, EV 66.9 MPH)
|
|
Batting: RHB Manuel Juarez
|
0-0: Swinging Strike 0-1: SINGLE (Groundball, 56S, EV 65.0 MPH) (infield hit)
|
|
Batting: RHB J.J. Powers
|
0-0: Called Strike 0-1: Called Strike Manuel Juarez steals 2nd base 0-2: Ball 1-2: Foul Ball, location: 2F 1-2: Ball 2-2: Ball 3-2: Ground out 5-3 (Groundball, 56S, EV 86.9 MPH)
|
|
Batting: LHB Jim Pankratz
|
0-0: Ball 1-0: Ball 2-0: Ground out 2-3 (Groundball, 13S, EV 71.2 MPH)
|
| Bottom of the 8th over - 0 runs, 1 hit, 0 errors, 1 left on base; Corpus Christi 0 - Chattanooga 3 |
| TOP OF THE 9TH |
|
Corpus Christi Hooks batting - Pitching for Chattanooga Lookouts : RHP John Morrison
|
|
Pitching: LHP Inkei Wakamatsu
|
|
|
Batting: RHB Bruce Bermudez
|
0-0: Called Strike 0-1: Ball 1-1: Foul Ball, location: 2F 1-2: Strikes out swinging
|
|
Batting: LHB Bob Dietz
|
0-0: Swinging Strike 0-1: Called Strike 0-2: Ball 1-2: Strikes out looking
|
|
Batting: RHB Sam Spohn
|
0-0: Ball 1-0: Called Strike 1-1: Ball 2-1: Called Strike 2-2: Strikes out swinging, 2-3 out at first.
|
| Top of the 9th over - 0 runs, 0 hits, 0 errors, 0 left on base; Corpus Christi 0 - Chattanooga 3 |
|